 Dungeon Crawl Stone Soup version 0.29-a0-997-gf6f7e2dfe7 (webtiles) character file.

Game seed: 9677775733328283008

115 Newt the Trooper (level 5, 0/33 HPs)
             Began as a Gargoyle Monk on Aug 4, 2022.
             Killed from afar by an orc wizard (5 damage)
             ... with a puff of flame
             ... on level 4 of the Dungeon.
             The game lasted 00:04:23 (3528 turns).

Newt the Trooper (Gargoyle Monk)                    Turns: 3528, Time: 00:04:24

Health: 0/33       AC: 12    Str: 16    XL:     5   Next: 0%
Magic:  5/5        EV: 11    Int: 11    God:
Gold:   133        SH:  0    Dex: 12    Spells: 4/4 levels left

rFire   . . .      SeeInvis .   e - staff of cold
rCold   + . .      Faith    .   (no shield)
rNeg    + . .      Spirit   .   j - +0 ring mail
rPois   ∞          Reflect  .   i - +0 helmet
rElec   +          Harm     .   l - +0 cloak
rCorr   +          Rampage  .   (no gloves)
Will    .....                   g - +0 pair of boots
Stlth   +.........              (no amulet)
HPRegen 0.11/turn               c - ring of resist corrosion
MPRegen 0.09/turn               (no ring)

@: no status effects
A: sickness immunity, AC +4, negative energy resistance 1, electricity
resistance, torment resistance 1, petrification resistance
a: no special abilities


You were on level 4 of the Dungeon.
You visited 1 branch of the dungeon, and saw 4 of its levels.

You collected 133 gold pieces.

Inventory:

Hand Weapons
 a - a +1 mace
Armour
 b - a +0 robe
 g - a +0 pair of boots (worn)
 i - a +0 helmet (worn)
 j - a +0 ring mail (worn)
 l - a +0 cloak (worn)
Magical Staves
 e - a staff of cold (weapon)
Jewellery
 c - a ring of resist corrosion (left hand)
 d - a ring of see invisible
Potions
 f - a potion of brilliance
 h - 2 potions of curing {unknown}
 k - a potion of mutation {unknown}


   Skills:
 + Level 3.8 Fighting
 - Level 3.1(3.4) Maces & Flails
 * Level 2.1(2.9) Staves
 + Level 1.0 Armour
 + Level 2.9 Dodging
 - Level 2.3 Stealth
 * Level 1.2 Ice Magic
 * Level 1.2 Evocations


You had 4 spell levels left.
You didn't know any spells.
Your spell library contained the following spells:

 Spells                   Type           Power      Damage    Failure   Level
 Foxfire                  Conj/Fire      0%         2x1d4     56%         1
 Conjure Flame            Conj/Fire      0%         6-21      90%         3
 Inner Flame              Hex/Fire       0%         N/A       90%         3
 Flame Wave               Conj/Fire      0%         2d4       100%        4


Dungeon Overview and Level Annotations

Branches:
Dungeon (4/15)
 Temple: D:4-7

Altars:


Innate Abilities, Weirdness & Mutations

You are immune to sickness and miasma.
Your stone body is resilient. (AC +4)
You are immune to poison.
You resist negative energy. (rN+)
You are resistant to electric shocks. (rElec)
You are resistant to unholy torment.
You are immune to petrification.


Message History

Unknown command.
You closely miss the orc wizard.
The orc wizard is moderately wounded.
The orc wizard hits you but does no damage.
You barely miss the orc wizard.
The orc wizard is moderately wounded.
The orc wizard closely misses you.
You barely miss the orc wizard.
The orc wizard is moderately wounded.
The orc wizard gestures at you while chanting.
The magic dart hits you.
* * * LOW HITPOINT WARNING * * *
You barely miss the orc wizard.
The orc wizard is moderately wounded.
The orc wizard hits you but does no damage.
You're too confused to move!
You feel less confused. The orc wizard barely misses you.
You barely miss the orc wizard.
The orc wizard is moderately wounded.
The orc wizard hits you but does no damage.
You hit the orc wizard.
The orc wizard is heavily wounded.
The orc wizard hits you with a +0 dagger.
* * * LOW HITPOINT WARNING * * *
You hit the orc wizard but do no damage.
The orc wizard is heavily wounded.
The orc wizard hits you but does no damage.
You barely miss the orc wizard.
The orc wizard is heavily wounded.
The orc wizard closely misses you.
You hit the orc wizard.
The orc wizard is severely wounded.
The orc wizard gestures at you while chanting.
The magic dart hits you but does no damage.
You completely miss the orc wizard.
The orc wizard is heavily wounded.
The orc wizard gestures at you while chanting.
The puff of flame hits you.
You die...

##.
#..
...
#.#
#.#
#.#
#o#
#@#
#.#.#
..#
#..
#.##
###
.. #.
.


You could see an orc wizard.

Vanquished Creatures
  A hound (D:2)
  2 adders
  A worm (D:2)
  2 dart slugs (D:1)
  4 orcs (D:3)
  6 ball pythons
  2 endoplasms
  3 giant cockroaches
  2 goblins
  4 hobgoblins
  4 jackals (D:2)
  3 quokkas
  4 bats
  4 frilled lizards
  6 kobolds
  7 rats
55 creatures vanquished.

Vanquished Creatures (others)
  29 plants (D:3)
29 creatures vanquished.

Grand Total: 84 creatures vanquished

Notes
Turn   | Place    | Note
-------+----------+-------------------------------------------
     0 | D:1      | Newt the Gargoyle Monk began the quest for the Orb.
     0 | D:1      | Reached XP level 1. HP: 14/14 MP: 1/1
   509 | D:1      | Reached XP level 2. HP: 10/19 MP: 2/2
  1237 | D:1      | Reached XP level 3. HP: 20/24 MP: 3/3
  1949 | D:2      | Reached skill level 1 in Staves
  2359 | D:2      | Reached skill level 1 in Ice Magic
  2359 | D:2      | Reached skill level 1 in Evocations
  2359 | D:2      | Reached XP level 4. HP: 10/29 MP: 4/4
  3183 | D:3      | Reached skill level 1 in Armour
  3508 | D:3      | Reached XP level 5. HP: 11/33 MP: 5/5
  3528 | D:4      | Killed from afar by an orc wizard

Illustrated notes

Levels and vault maps discovered:
D:1:      shiori_shiawase, layout_loops_corners, nicolae_kite_square_tiling_tiny
D:2:      layout_basic
D:3:      layout_basic, serial_bayou, serial_bayou_shore_a, serial_bayou_pond_d,
          serial_bayou_lake_a, serial_bayou_ford_a, minmay_mini_jars,
          uniq_crazy_yiuf_cottage
D:4:      layout_loops_ring, ashenzari_altar_1, minivault_4,
          hangedman_abyss_or_decor_stagger

Skill      XL: |  1  2  3  4 |
---------------+-------------+-----
Staves         | 1 2 |  2.1
Ice Magic      | 1 |  1.2
Evocations     | 1 |  1.2
Armour         | 1 |  1.0
Fighting       | |  3.8
Maces & Flails | |  3.1
Dodging        | |  2.9
Stealth        | |  2.3

Action                   |  1- 3 |  4- 6 || total
-------------------------+-------+-------++-------
Melee: Mace              |    18 |       ||    18
       Staff             |   212 |   118 ||   330
       Punch             |     3 |       ||     3
  Use: Scroll            |     4 |     2 ||     6
       Potion            |     1 |       ||     1
 Stab: Sleeping          |     5 |       ||     5
Armor: Robe              |    54 |       ||    54
       Ring mail         |    52 |    50 ||   102
Dodge: Dodged            |   161 |    51 ||   212

Table legend: (Time is in decaauts)
 A = Elapsed time spent in this place.
 B = Non-inter-level travel time spent in this place.
 C = Inter-level travel time spent in this place.
 D = Time resting spent in this place.
 E = Time spent auto-exploring this place.
 F = Levels seen in this place.
 G = Mean time per level.
                   A        B        C        D        E       F      G
               +--------+--------+--------+--------+--------+-----+--------+
         Total |   3563 |   3545 |     18 |    506 |   2387 |   4 |  890.8 |
       Dungeon |   3563 |   3545 |     18 |    506 |   2387 |   4 |  890.8 |
               +--------+--------+--------+--------+--------+-----+--------+

Top non-repeatable levels by time:
     D:2: 1505 daAuts
     D:1: 1349 daAuts
     D:3: 695 daAuts
     D:4: 13 daAuts
